 Dungeon Crawl Stone Soup version 0.31-a0-750-gfe7b580527 (webtiles) character file.

Game seed: 1747394703249968403

20231 runemasterragnar the Fighter (level 12, -8/88 HPs)
             Began as a Minotaur Shapeshifter on Sept 11, 2023.
             Was an Elder of Makhleb.
             Mangled by a catoblepas (13 damage)
             ... while petrified by a catoblepas
             ... on level 3 of the Lair of Beasts on Sept 15, 2023.
             The game lasted 00:26:43 (14282 turns).

runemasterragnar the Fighter (MiSh)                Turns: 14282, Time: 00:26:44

Health: -8/88      AC:  5    Str: 28    XL:     12   Next: 43%
Magic:  14/14      EV:  2    Int:  7    God:    Makhleb [****..]
Gold:   1118       SH:  0    Dex: 19    Spells: 11/11 levels left

rFire   + . .        a - +4 war axe
rCold   + . .        F - +2 kite shield
rNeg    + + +        H - melded +0 chain mail
rPois   ∞            (helmet restricted)
rElec   +            (no cloak)
rCorr   .            A - +2 pair of gloves of Ashriast {rPois Str+4 Int-2 Dex+3}
SInv    .            D - +1 pair of boots "Lyameoq" {rElec rF+ Regen+ Int+2}
Will    .....        (no amulet)
Stlth   ++           K - ring of protection from cold
HPRegen 1.14/turn    s - +6 ring of dexterity
MPRegen 0.14/turn

%: no passive effects
@: maw-form, petrified
A: devouring maw, reduced hp, horns 2, retaliatory headbutt
a: Begin Untransformation, Renounce Religion, Minor Destruction, Lesser Servant
of Makhleb, Major Destruction


You were on level 3 of the Lair of Beasts.
You worshipped Makhleb.
Makhleb was greatly pleased with you.
You were a creature with a mouth for a stomach.
You visited 3 branches of the dungeon, and saw 16 of its levels.

You collected 1172 gold pieces.
You spent 54 gold pieces at shops.

Inventory:

Hand Weapons
 a - a +4 war axe (weapon)
 b - a +6 scimitar
 g - a +0 hand axe of venom
 p - a +3 spear of freezing
 E - a +1 antimagic flail
 R - a +2 hand axe of flaming
Missiles
 f - a throwing net
 l - 10 boomerangs
 r - 13 poisoned darts
Armour
 A - the +2 pair of gloves of Ashriast (worn) {rPois Str+4 Int-2 Dex+3}
   (You found it on level 3 of the Dungeon)

   Str+4:     It affects your strength (+4).
   Int-2:     It affects your intelligence (-2).
   Dex+3:     It affects your dexterity (+3).
   rPois:     It protects you from poison
 D - the +1 pair of boots "Lyameoq" (worn) {rElec rF+ Regen+ Int+2}
   (You found it on level 11 of the Dungeon)

   Int+2:     It affects your intelligence (+2).
   rF+:       It protects you from fire.
   rElec:     It insulates you from electricity.
   Regen+:    It increases your rate of health regeneration.
 F - a +2 kite shield (worn)
 H - a +0 chain mail (melded)
Jewellery
 k - a ring of poison resistance
 s - a +6 ring of dexterity (right hand)
 B - a ring of willpower
 K - a ring of protection from cold (left hand)
 L - a ring of protection from fire
Talismans
 c - a beast talisman
 d - a flux talisman
 w - a serpent talisman
 I - a maw talisman (active)
Wands
 u - a wand of mindburst (9)
 J - a wand of flame (12)
 N - a wand of paralysis (8)
 O - a wand of iceblast (6)
Scrolls
 n - a scroll of fear {unknown}
 y - a scroll of noise
 G - a scroll of fog
 M - a scroll of revelation
 Q - 3 scrolls of poison
 S - a scroll of brand weapon {unknown}
 T - a scroll of vulnerability
 U - a scroll of teleportation
 V - a scroll of amnesia
Potions
 e - a potion of berserk rage {unknown}
 h - a potion of resistance {unknown}
 i - a potion of cancellation {unknown}
 j - 2 potions of might
 m - a potion of lignification
 o - 2 potions of ambrosia
 q - a potion of invisibility {unknown}
 t - a potion of brilliance {unknown}
 v - a potion of haste {unknown}
 x - 3 potions of attraction
 z - 6 potions of degeneration
 C - a potion of mutation {unknown}
Miscellaneous
 P - a lightning rod (2/4)


   Skills:
 + Level 9.1 Fighting
 + Level 8.8 Axes
 + Level 8.9 Armour
 - Level 5.6 Dodging
 + Level 7.6 Shields
 + Level 8.6 Unarmed Combat
 + Level 4.9 Invocations
 - Level 4.0 Evocations
 * Level 8.4 Shapeshifting


You had 11 spell levels left.
You didn't know any spells.
Your spell library contained the following spells:

 Spells                   Type           Power      Damage    Failure   Level
 Poisonous Vapours        Pois/Air       0%         N/A       77%         2
 Mephitic Cloud           Conj/Pois/Air  0%         N/A       94%         3
 Freezing Cloud           Conj/Ice/Air   0%         6-21      100%        5
 Summon Forest            Summ/Tloc      0%         N/A       100%        5
 Summon Mana Viper        Hex/Summ       0%         N/A       100%        5
 Summon Cactus Giant      Summ           0%         N/A       100%        6


Dungeon Overview and Level Annotations

Branches:
Dungeon (12/15)            Temple (1/1) D:7            Lair (3/5) D:11
    Orc (0/2) D:11
  Swamp: Lair:2-3    Shoals: Lair:2-3     Snake: Lair:2-3    Spider: Lair:2-3

Altars:
Ashenzari
Cheibriados
Dithmenos
Elyvilon
Fedhas
Gozag
Hepliaklqana
Kikubaaqudgha
Makhleb
Nemelex Xobeh
Okawaru
Qazlal
Ru
Sif Muna
Trog
Uskayaw
Vehumet
Wu Jian
Xom
Yredelemnul
Zin
The Shining One

Shops:
D:4 [   D:5 :

Annotations:
D:8 exclusion: statue, Amaemon, Joseph


Innate Abilities, Weirdness & Mutations

You are a creature with a mouth for a stomach.
Your midsection houses a second, enormous mouth.
Your maximum health is decreased, since you lack skill for your form.
You are immune to poison.
You have a pair of horns on your head.
You reflexively headbutt those who attack you in melee.


Message History

You feel better.
You hit the catoblepas but do no damage.
The catoblepas gores you.
Your life force feels restored.
Unknown command.
You slice the catoblepas!! You headbutt the catoblepas!
You bite the catoblepas, but do no damage.
The catoblepas is heavily wounded.
The catoblepas closely misses you.
You slice the catoblepas!!
You bite the catoblepas, but do no damage.
The catoblepas is severely wounded.
The catoblepas closely misses you.
The catoblepas breathes a plume of calcifying dust at you.
The blast of calcifying dust hits you but does no damage.
Unknown command.
You slash the catoblepas! You bite the catoblepas.
The catoblepas is severely wounded.
You are engulfed in calcifying dust.
The catoblepas gores you!!
* * * LOW HITPOINT WARNING * * *
Unknown command.
Unknown command.
You hit the catoblepas but do no damage.
You bite the catoblepas!
The catoblepas is almost dead.
You are engulfed in calcifying dust.
You are slowing down.
You block the catoblepas's attack.
Unknown command.
You hit the catoblepas but do no damage.
You headbutt the catoblepas, but do no damage.
You bite the catoblepas, but do no damage.
The catoblepas is almost dead.
You are engulfed in calcifying dust.
Your limbs have turned to stone.
You block the catoblepas's attack. x2; You have turned to stone.
The catoblepas gores you!
* * * LOW HITPOINT WARNING * * *
The catoblepas gores you but does no damage.
The catoblepas gores you!!
You die...

......## #..P# ....#.
.......# #..P###...#...
#.....## #....#.#.#.#.#
#....#.####.#..##....#
..#####..##...#.....#
#†.# #P...........#.#..
#.## ##................
..# #...........#...
..####..........W#..#
....#...........Y†.##
..##..................
..###......##...........
..# .....#####..........
.#####..## #..#......#
..## ## #####.....# .#.#
#.# ...### ...# #..#


You could see a catoblepas.

Vanquished Creatures
  Snorg (D:11)
  Erolcha (D:10)
  2 two-headed ogres
  A skyshark (Lair:2)
  Pikel (D:4)
  An ugly thing (D:11)
  An orc knight (D:11)
  A black mamba (Lair:3)
  4 cane toads
  3 komodo dragons
  A rime drake (Lair:2)
  A polar bear (Lair:2)
  A hornet (D:10)
  Prince Ribbit (D:5)
  6 blink frogs
  A wraith (D:11)
  2 wyverns
  2 shadows
  A vampire (D:10)
  3 basilisks
  20 yaks
  A steam dragon (D:9)
  Eustachio (D:4)
  3 vampire mosquitoes
  Duvessa (D:7)
  9 water moccasins
  An ice beast (D:8)
  9 orc warriors
  3 black bears
  4 ogres
  A phantom (D:7)
  2 lemures (D:4)
  4 centaurs
  2 kobold brigands
  2 gnoll sergeants
  6 bullfrogs
  5 scorpions
  Dowan (D:7)
  5 wights (D:6)
  8 killer bees (D:7)
  4 howler monkeys
  2 vampire bats (D:7)
  10 orc priests
  2 hounds
  4 jellies
  2 sleepcaps (D:6)
  7 hell rats (Lair:3)
  18 orc wizards
  7 iguanas
  9 gnolls
  10 adders
  A shadow imp (D:6)
  3 white imps
  4 worms
  4 dart slugs
  66 orcs
  7 bats
  5 endoplasms
  4 giant cockroaches
  4 goblins
  A hobgoblin (D:2)
  2 jackals (D:1)
  3 quokkas
  11 ball pythons
  5 frilled lizards
  17 kobolds
  6 rats
341 creatures vanquished.

Vanquished Creatures (collateral kills)
  A troll (D:11)
  A basilisk (D:11)
  An ogre (D:11)
3 creatures vanquished.

Grand Total: 344 creatures vanquished

Notes
Turn   | Place    | Note
-------+----------+-------------------------------------------
     0 | D:1      | runemasterragnar the Minotaur Shapeshifter began the quest
                  | for the Orb.
     0 | D:1      | Reached XP level 1. HP: 16/16 MP: 0/0
   315 | D:1      | Reached XP level 2. HP: 23/23 MP: 1/1
   860 | D:1      | Reached skill level 1 in Armour
  1063 | D:2      | Reached skill level 2 in Fighting
  1063 | D:2      | Reached XP level 3. HP: 29/29 MP: 2/2
  1083 | D:2      | Reached skill level 1 in Axes
  1311 | D:2      | Reached XP level 4. HP: 34/36 MP: 3/3
  1504 | D:2      | Found a sparkling altar of Nemelex Xobeh.
  1993 | D:3      | Reached XP level 5. HP: 33/42 MP: 4/4
  2151 | D:3      | Identified the +2 pair of gloves of Ashriast {rPois Str+4
                  | Int-2 Dex+3}
  2682 | D:4      | Noticed Eustachio
  2692 | D:4      | Killed Eustachio
  2693 | D:4      | Reached skill level 3 in Fighting
  2693 | D:4      | Reached XP level 6. HP: 51/51 MP: 5/5
  2780 | D:4      | Noticed Pikel
  2796 | D:4      | Killed Pikel
  2797 | D:4      | Reached skill level 1 in Evocations
  2797 | D:4      | Reached XP level 7. HP: 6/58 MP: 6/6
  2880 | D:4      | Reached skill level 4 in Fighting
  3155 | D:4      | Found a snail-covered altar of Cheibriados.
  3355 | D:4      | Found Tasor's Armour Shoppe.
  3448 | D:4      | Bought a +0 kite shield for 54 gold pieces
  3468 | D:5      | Entered Level 5 of the Dungeon
  3604 | D:5      | Upgraded the game from 0.31-a0-728-g01b46875f1 to
                  | 0.31-a0-750-gfe7b580527
  3612 | D:5      | Reached XP level 8. HP: 37/66 MP: 7/7
  3851 | D:5      | Reached skill level 1 in Shields
  3895 | D:5      | Reached skill level 5 in Unarmed Combat
  4134 | D:5      | Noticed a two-headed ogre
  4151 | D:5      | Found a glowing drain.
  4154 | D:5      | Noticed Prince Ribbit
  4809 | D:6      | Reached skill level 5 in Fighting
  4809 | D:6      | Reached skill level 5 in Shapeshifting
  4824 | D:6      | Reached XP level 9. HP: 33/74 MP: 8/8
  4855 | D:6      | Reached skill level 5 in Dodging
  4861 | D:6      | Reached skill level 5 in Armour
  5041 | D:6      | Reached skill level 5 in Axes
  5891 | D:5      | Killed Prince Ribbit
  6016 | D:5      | Killed a two-headed ogre
  6017 | D:5      | Reached skill level 6 in Fighting
  6017 | D:5      | Reached XP level 10. HP: 83/83 MP: 9/9
  6080 | D:5      | Found Ysolu's Book Emporium.
  6354 | D:7      | Noticed Duvessa
  6354 | D:7      | Noticed Dowan
  6357 | D:7      | Killed Duvessa
  6367 | D:7      | Killed Dowan
  6476 | D:7      | Found a staircase to the Ecumenical Temple.
  6492 | Temple   | Entered the Ecumenical Temple
  6535 | Temple   | Became a worshipper of Makhleb the Destroyer
  7034 | D:7      | Found an opulent altar of Gozag.
  7034 | D:7      | Found a sparkling altar of Nemelex Xobeh.
  7151 | D:8      | Noticed Amaemon
  7151 | D:8      | Noticed an orange demon
  7151 | D:8      | Noticed Joseph
  7362 | D:9      | Identified the +1 rapier of a Thousand Knives {heavy, rF+
                  | rC+ Int+3 Stlth+}
  7402 | D:9      | Reached * piety under Makhleb
  7404 | D:9      | Reached skill level 1 in Invocations
  7584 | D:9      | Reached skill level 5 in Shields
  7592 | D:9      | Reached skill level 7 in Fighting
  7832 | D:9      | Found a glowing silver altar of Zin.
  8440 | D:8      | Reached ** piety under Makhleb
  8444 | D:8      | Found a radiant altar of Vehumet.
  8640 | D:10     | Entered Level 10 of the Dungeon
  9085 | D:10     | Found a glowing golden altar of the Shining One.
  9329 | D:10     | Found a blossoming altar of Fedhas.
  9667 | D:10     | Found an iron altar of Okawaru.
  9667 | D:10     | Noticed Erolcha
  9674 | D:10     | Killed Erolcha
  9675 | D:10     | Reached XP level 11. HP: 63/92 MP: 10/12
 10014 | D:11     | Noticed a white ugly thing
 10432 | D:11     | Found a staircase to the Lair.
 10489 | D:11     | HP: 1/93 [white ugly thing (31)]
 10769 | D:11     | Killed a white ugly thing
 11124 | D:11     | Noticed an orc knight
 11139 | D:11     | Killed an orc knight
 11156 | D:11     | Reached skill level 8 in Fighting
 11157 | D:11     | HP: 3/94 [ogre/+0 giant club (23)]
 11210 | D:11     | Reached *** piety under Makhleb
 11611 | D:11     | Noticed Snorg
 11624 | D:11     | Killed Snorg
 11972 | D:11     | Noticed a two-headed ogre
 11988 | D:11     | Killed a two-headed ogre
 12158 | D:11     | Identified the +1 pair of boots "Lyameoq" {rElec rF+ Regen+
                  | Int+2}
 12212 | D:11     | Found a staircase to the Orcish Mines.
 12472 | Lair:1   | Entered Level 1 of the Lair of Beasts
 12731 | Lair:1   | You fall into a shaft and drop 1 floor!
 12791 | Lair:2   | Reached XP level 12. HP: 82/103 MP: 14/14
 13520 | Lair:3   | Reached **** piety under Makhleb
 13539 | Lair:3   | Reached skill level 9 in Fighting
 14266 | Lair:3   | Noticed a catoblepas
 14277 | Lair:3   | HP: 2/88 [catoblepas (29)]
 14282 | Lair:3   | Mangled by a catoblepas

Illustrated notes

Levels and vault maps discovered:
D:1:      erik_arrival_cave_to_civilisation [erik_arrival_cave_to_hall],
          layout_basic
D:2:      minmay_razor_zed, layout_basic, basic_altar
D:3:      layout_basic, minmay_misc_feat_more_columns
D:4:      layout_cave_pools, mainiacjoe_overflow_boulevard, serial_shops, shop,
          amethyst_killhole, minmay_misc_feat_roman, uniq_pikel, uniq_eustachio
D:5:      layout_basic, cheibrodos_sewer_entry_bend, kennysheep_windowed_goal,
          uniq_prince_ribbit1
D:6:      layout_loops_ring
D:7:      layout_rooms, grunt_temple_overflow_opulence,
          minmay_temple_entry_sparse_star, roderic_batcave, minivault_25,
          uniq_duvessa
D:8:      layout_basic, vehumet_statue, uniq_amaemon, uniq_joseph
D:9:      layout_irregular_city, zin_treasury
D:10:     layout_roguey, hellmonk_okawaru_the_only_friend_you_need,
          tso_metal_star, fedhas_ov_isle_minmay, grunt_decor_cap, uniq_erolcha
D:11:     layout_roguey [special_room_orc], minmay_lair_entry_grove,
          hiddenorc1_lemuel, uniq_snorg
D:12:     layout_cave_pools
Temple:   nicolae_temple_superstar
Lair:1:   layout_cave_pods, basic_altar, uniq_fannar
Lair:2:   layout_misc_corridors
Lair:3:   layout_layer_cave, minmay_shoals_entry_lonely_mermaid,
          nicolae_spider_entry_orb_guardian

Skill      XL: |  1  2  3  4  5  6  7  8  9 10 11 12 |
---------------+-------------------------------------+-----
Armour         | 1 2 3 4 5 7 8 |  8.9
Fighting       | 2 3 4 5 6 7 8 9 |  9.1
Axes           | 1 2 3 4 5 7 8 |  8.8
Shapeshifting  | 3 4 5 7 8 |  8.4
Dodging        | 3 4 5 |  5.6
Unarmed Combat | 4 5 6 7 8 |  8.6
Evocations     | 1 2 3 4 |  4.0
Shields        | 2 4 5 7 |  7.6
Invocations    | 2 4 |  4.9

Action                     |  1- 3 |  4- 6 |  7- 9 | 10-12 || total
---------------------------+-------+-------+-------+-------++-------
  Melee: Unarmed           |    19 |       |       |       ||    19
         Headbutt          |    15 |    20 |    42 |   111 ||   188
         Punch             |     1 |     5 |       |       ||     6
         Hand axe          |    58 |    55 |       |       ||   113
         War axe           |       |    25 |   186 |   450 ||   661
         Scimitar          |       |       |       |    67 ||    67
         Maw               |       |       |       |    46 ||    46
 Invoke: Lesser Servant of |       |       |       |     3 ||     3
  Evoke: Wand              |       |     2 |     9 |     8 ||    19
         Lightning rod     |       |       |       |     8 ||     8
    Use: Scroll            |       |       |    12 |    13 ||    25
         Potion            |       |       |     1 |     7 ||     8
   Stab: Paralysed         |       |    13 |     9 |     2 ||    24
 Armour: Animal skin       |     6 |       |       |       ||     6
         Scale mail        |    47 |    63 |   117 |       ||   227
         Skin              |       |       |    22 |   126 ||   148
         Chain mail        |       |       |    20 |   293 ||   313
  Dodge: Dodged            |    43 |    39 |    75 |   229 ||   386
  Block: Kite shield       |       |       |    98 |   354 ||   452
   Form: Maw               |       |       |       |     1 ||     1

Table legend: (Time is in decaauts)
 A = Elapsed time spent in this place.
 B = Non-inter-level travel time spent in this place.
 C = Inter-level travel time spent in this place.
 D = Time resting spent in this place.
 E = Time spent auto-exploring this place.
 F = Levels seen in this place.
 G = Mean time per level.
                   A        B        C        D        E       F      G
               +--------+--------+--------+--------+--------+-----+--------+
         Total |  14543 |  13891 |    652 |   2011 |   9161 |  16 |  908.9 |
       Dungeon |  12657 |  12048 |    609 |   1748 |   7892 |  12 | 1054.8 |
        Temple |     54 |     31 |     23 |      0 |      0 |   1 |   54.0 |
          Lair |   1831 |   1812 |     19 |    263 |   1269 |   3 |  610.3 |
               +--------+--------+--------+--------+--------+-----+--------+

Top non-repeatable levels by time:
    D:11: 2001 daAuts
    D:10: 1808 daAuts
     D:6: 1667 daAuts
     D:5: 1298 daAuts
     D:9: 1123 daAuts
     D:1: 994 daAuts
     D:4: 980 daAuts
     D:2: 903 daAuts
  Lair:3: 884 daAuts
     D:7: 817 daAuts
  Lair:2: 684 daAuts
     D:3: 625 daAuts
     D:8: 344 daAuts
  Lair:1: 262 daAuts
    D:12: 91 daAuts
